 Dungeon Crawl Stone Soup version 0.32-a0-558-g233958a4c4 (webtiles) character file.

Game seed: 463092620212429988

57 mopl the Grasshopper (level 4, -4/33 HPs)
             Began as a Formicid Warper on Feb 29, 2024.
             Slain by Terence
             ... wielding a +0 hand axe
              (8 damage)
             ... on level 2 of the Dungeon.
             The game lasted 00:01:36 (1121 turns).

mopl the Grasshopper (Formicid Warper)              Turns: 1121, Time: 00:01:38

Health: -4/33      AC:  5    Str: 16    XL:     4   Next: 18%
Magic:  8/8        EV: 11    Int: 14    God:
Gold:   65         SH:  0    Dex: 13    Spells: 2/8 levels left

rFire   . . .        a - +0 falchion
rCold   . . .        (no shield)
rNeg    . . .        j - +0 ring mail
rPois   .            (helmet unavailable)
rElec   .            (no cloak)
rCorr   .            (no gloves)
SInv    +            (no boots)
Will    .....        (no amulet)
Stlth   +            (no ring)
HPRegen 0.25/turn    (no ring)
MPRegen 0.11/turn

%: no passive effects
@: no status effects
A: permanent stasis, dig shafts and tunnels, antennae 3, four strong arms
a: Dig, Shaft Self


You were on level 2 of the Dungeon.
You visited 1 branch of the dungeon, and saw 2 of its levels.

You collected 65 gold pieces.

Inventory:

Hand Weapons
 a - a +0 falchion (weapon)
Missiles
 c - 7 darts of dispersal (quivered)
Armour
 j - a +0 ring mail (worn)
Scrolls
 e - a scroll of noise {unknown}
 f - a scroll of immolation {unknown}
 g - 2 scrolls of teleportation {unknown}
 h - a scroll of torment {unknown}
 i - a scroll of fog {unknown}
Potions
 b - a potion of brilliance {unknown}
 d - 2 potions of curing {unknown}


   Skills:
 - Level 2.1 Fighting
 * Level 3.0 Long Blades
 - Level 1.0 Throwing
 - Level 1.1 Armour
 - Level 1.7 Dodging
 + Level 2.6 Spellcasting
 * Level 3.4 Translocations


You had 2 spell levels left.
You knew the following spells:

 Your Spells              Type           Power      Damage    Failure   Level
a - Manifold Assault      Tloc           11%        N/A       71%         4
b - Lesser Beckoning      Tloc           22%        N/A       16%         2

Your spell library contained the following spells:

 Spells                   Type           Power      Damage    Failure   Level
 Sting                    Conj/Alch      4%         1d3       41%         1
 Teleport Other           Tloc           11%        N/A       30%         3
 Blink                    Tloc           Unusable   N/A       N/A         2
 Vhi's Electric Charge    Tloc/Air       Unusable   N/A       N/A         4

Dungeon Overview and Level Annotations

Branches:
Dungeon (2/15)

Altars:

Annotations:
D:2 Terence


Innate Abilities, Weirdness & Mutations

You cannot be hasted, slowed, berserked, paralysed or teleported.
You can dig through walls and to a lower floor.
You have a pair of large antennae on your head. (SInv)
Your four strong arms can wield two-handed weapons with a shield.


Message History

Terence hits you with a +0 hand axe.
You barely miss Terence.
Terence is heavily wounded.
Terence closely misses you.
You closely miss Terence.
Terence is heavily wounded.
Terence screams, "I want your blood!" Terence hits you but does no damage.
You hit Terence.
Terence is severely wounded.
Terence hits you with a +0 hand axe.
You closely miss Terence.
Terence is severely wounded.
Terence closely misses you.
You barely miss Terence.
Terence is severely wounded.
Terence barely misses you. Terence hits you with a +0 hand axe.
You closely miss Terence.
Terence is severely wounded.
Terence barely misses you.
You closely miss Terence.
Terence is severely wounded.
Terence barely misses you.
You barely miss Terence.
Terence is severely wounded.
Terence hits you with a +0 hand axe.
You barely miss Terence.
Terence is severely wounded.
Terence hits you with a +0 hand axe.
You hit Terence.
Terence is almost dead.
Terence hits you with a +0 hand axe.
* * * LOW HITPOINT WARNING * * *
You barely miss Terence.
Terence is almost dead.
Terence hits you with a +0 hand axe.
* * * LOW HITPOINT WARNING * * *
Terence hits you with a +0 hand axe!
You die...
Terence says, "That felt goooood."

### ##.##
########...##
#.........>.#
#.######...######
##.# ##.......#
...# #######@#
######## #@#
...<.... ...
#######. ..... #
##..... ##...#.
##.##.. .. #.


You could see Terence.

Vanquished Creatures
  2 adders (D:2)
  A ribbon worm (D:2)
  3 bats (D:1)
  An endoplasm (D:1)
  A giant cockroach (D:1)
  3 hobgoblins (D:1)
  4 jackals
  6 kobolds
  2 quokkas
  2 ball pythons
  2 frilled lizards (D:1)
  10 rats
37 creatures vanquished.

Notes
Turn   | Place    | Note
-------+----------+-------------------------------------------
     0 | D:1      | mopl the Formicid Warper began the quest for the Orb.
     0 | D:1      | Reached XP level 1. HP: 16/16 MP: 3/3
    80 | D:1      | Found a faded altar of an unknown god.
    88 | D:1      | Got Plato's Vademecum on Trauma and Reconfiguration
   159 | D:1      | Reached XP level 2. HP: 13/22 MP: 5/5
   358 | D:1      | Reached skill level 3 in Translocations
   472 | D:1      | Reached XP level 3. HP: 22/27 MP: 6/6
   810 | D:2      | Learned a level 2 spell: Lesser Beckoning
   936 | D:2      | Reached XP level 4. HP: 30/33 MP: 7/7
   941 | D:2      | Learned a level 4 spell: Manifold Assault
  1034 | D:2      | Reached skill level 3 in Long Blades
  1103 | D:2      | Noticed Terence
  1121 | D:2      | Slain by Terence

Illustrated notes

Levels and vault maps discovered:
D:1:      psy_arrival_radial02, layout_basic,
          shapermc_ecumenical_altar_rom_forum, hangedman_decor_peaks_small,
          minmay_misc_feat_roman, minmay_rat_gold_closets
D:2:      layout_loops_ring, uniq_terence

Skill      XL: |  1  2  3  4 |
---------------+-------------+-----
Translocations | 3 |  3.4
Long Blades    | 3 |  3.0
Fighting       | |  2.1
Throwing       | |  1.0
Armour         | |  1.1
Dodging        | |  1.7
Spellcasting   | |  2.6

Action                     |  1- 3 |  4- 6 || total
---------------------------+-------+-------++-------
  Melee: Falchion          |   121 |    45 ||   166
   Stab: Sleeping          |     1 |       ||     1
 Armour: Leather armour    |    48 |       ||    48
         Ring mail         |    19 |    26 ||    45
  Dodge: Dodged            |    87 |    31 ||   118

Table legend: (Time is in decaauts)
 A = Elapsed time spent in this place.
 B = Non-inter-level travel time spent in this place.
 C = Inter-level travel time spent in this place.
 D = Time resting spent in this place.
 E = Time spent auto-exploring this place.
 F = Levels seen in this place.
 G = Mean time per level.
                   A        B        C        D        E       F      G
               +--------+--------+--------+--------+--------+-----+--------+
         Total |   1149 |   1133 |     16 |     50 |    722 |   2 |  574.5 |
       Dungeon |   1149 |   1133 |     16 |     50 |    722 |   2 |  574.5 |
               +--------+--------+--------+--------+--------+-----+--------+

Top non-repeatable levels by time:
     D:1: 862 daAuts
     D:2: 287 daAuts
